 Dungeon Crawl Stone Soup version 0.24-a0-232-g49d9ff8 (webtiles) character file.

Game seed: 3061110065963617688

67 Ijustatesigmund the Chopper (level 4, 0/31 HPs)
             Began as an Octopode Fighter on Apr 4, 2019.
             Slain by a phantom (2 damage)
             ... on level 2 of the Dungeon.
             The game lasted 00:02:11 (1643 turns).

Ijustatesigmund the Chopper (Octopode Fighter)      Turns: 1643, Time: 00:02:11

Health: 0/31       AC:  1    Str: 15    XL:     4   Next: 16%
Magic:  4/4        EV: 11    Int: 10    God:
Gold:   172        SH:  8    Dex: 12    Spells: 3/3 levels left

rFire    . . .     SeeInvis .   a - +0 war axe
rCold    . . .     Gourm    .   b - +0 shield
rNeg     . . .     Faith    .   (helmet restricted)
rPois    .         Spirit   .   h - amulet of rage
rElec    .         Reflect  .   (no ring)
rCorr    .         Harm     .   (no ring)
MR       .....                  (no ring)
Stlth    ++........             (no ring)
HPRegen  0.10/turn              (no ring)
MPRegen  0.09/turn              (no ring)
                                (no ring)
                                (no ring)

@: no status effects
A: almost no armour, stealthy swim, amphibious, 8 rings, constrict 8, camouflage
1, gelatinous body 1
a: Evoke Berserk Rage


You were on level 2 of the Dungeon.
You were not hungry.

You visited 1 branch of the dungeon, and saw 2 of its levels.

You collected 172 gold pieces.

Inventory:

Hand Weapons
 a - a +0 war axe (weapon)
Armour
 b - a +0 shield (worn)
Jewellery
 h - an amulet of rage (around mantle)
 m - an uncursed ring of ice
Scrolls
 e - a scroll of fog {unknown}
 f - a scroll of identify {unknown}
 i - a scroll of noise {unknown}
 j - a scroll of amnesia {unknown}
 k - a scroll of enchant armour {unknown}
 l - a scroll of magic mapping {unknown}
Potions
 c - a potion of might
 n - a potion of magic {unknown}
 o - a potion of resistance {unknown}
Comestibles
 d - 3 rations


   Skills:
 - Level 3.0 Fighting
 + Level 4.3 Axes
 - Level 3.0 Dodging
 - Level 3.0 Shields


You had 3 spell levels left.
You didn't know any spells.
Your spell library was empty.

Dungeon Overview and Level Annotations

Branches:
Dungeon (2/15)

Altars:


Innate Abilities, Weirdness & Mutations

You cannot wear most types of armour.
You are very stealthy in the water. (Stealth+)
You are amphibious.
You can wear up to eight rings at the same time.
You can use your tentacles to constrict eight enemies at once.
Your skin changes colour to match your surroundings (Stealth+).
Your rubbery body absorbs attacks. (AC +1, EV +1)


Message History

The phantom is heavily damaged.
The phantom hits you!
* * * LOW HITPOINT WARNING * * *
The phantom blinks!
It was a potion of heal wounds.
You feel much better.
The phantom blinks!
The phantom blinks!
You now have 172 gold pieces (gained 5).
You hit the phantom but do no damage.
The phantom is heavily damaged.
You block the phantom's attack.
You miss the phantom. You squeeze the phantom!
The phantom is severely damaged.
The phantom hits you!
You slash the phantom!
The phantom is almost destroyed.
The phantom hits you!
* * * LOW HITPOINT WARNING * * *
The phantom hits you.
You die...

#.# #.#
#.######
##......#
#.....#.#
#.....#.#
#.....#.#
#..W....#
#..@..### .
#.....#
$...##.....#
.........###
....##.#.#
### ...#.#
#.###.. #.
.... # .....


You could see a phantom.

Vanquished Creatures
  An adder (D:2)
  A worm (D:2)
  A dart slug (D:2)
  5 leopard geckos
  A ball python (D:2)
  5 goblins (D:1)
  4 hobgoblins
  5 jackals
  4 kobolds
  2 quokkas (D:2)
  7 bats
  4 frilled lizards
  5 rats
45 creatures vanquished.

Vanquished Creatures (others)
  4 toadstools (D:1)
4 creatures vanquished.

Grand Total: 49 creatures vanquished

Notes
Turn   | Place    | Note
-------+----------+-------------------------------------------
     0 | D:1      | Ijustatesigmund the Octopode Fighter began the quest for
                  | the Orb.
     0 | D:1      | Reached XP level 1. HP: 16/16 MP: 1/1
    52 | D:1      | Reached XP level 2. HP: 15/21 MP: 2/2
   486 | D:1      | Reached skill level 3 in Axes
   688 | D:1      | Reached XP level 3. HP: 26/26 MP: 3/3
  1235 | D:2      | Reached skill level 4 in Axes
  1534 | D:2      | Reached XP level 4. HP: 31/31 MP: 4/4
  1608 | D:2      | Noticed a phantom
  1630 | D:2      | HP: 1/31 [phantom (10)]
  1643 | D:2      | Slain by a phantom

Levels and vault maps discovered:
D:1:      mushboom_english_gardens, layout_rooms, minivault_24,
          minmay_gold_behind_fungi
D:2:      layout_basic, uniq_sigmund

Skill      XL: |  1  2  3 |
---------------+----------+-----
Axes           | 3 4 |  4.3
Fighting       | |  3.0
Dodging        | |  3.0
Shields        | |  3.0

Action                   |  1- 3 |  4- 6 || total
-------------------------+-------+-------++-------
Melee: War axe           |    70 |    17 ||    87
       Constrict         |    24 |     2 ||    26
       Tentacles         |     9 |     5 ||    14
  Use: Potion            |       |     1 ||     1
 Stab: Sleeping          |     6 |       ||     6
       Distracted        |     1 |       ||     1
  Eat: Chunk             |     2 |       ||     2
Armor: Skin              |     7 |       ||     7
Dodge: Dodged            |    30 |     9 ||    39
Block: Shield            |    31 |     5 ||    36

Table legend:
 A = Non-vault XP
 B = Vault XP
 C = Vault XP percentage of total XP
 D = Non-vault monster count
 E = Vault monster count
 F = Vault count percentage of total count
                 A         B        C        D         E       F
            +---------+---------+-------+---------+---------+-------
      Total |      96 |       0 |   0.0 |      45 |       0 |   0.0
            +---------+---------+-------+---------+---------+-------
        D:1 |      49 |       0 |   0.0 |      28 |       0 |   0.0
        D:2 |      47 |       0 |   0.0 |      17 |       0 |   0.0
            +---------+---------+-------+---------+---------+-------
